 Dungeon Crawl Stone Soup version 0.25.1-8-g42b30a86e7 (webtiles) character file.

Game seed: 18233512196415361229

162313 Clowwww the Severer (level 17, -4/238 HPs)
             Began as a Hill Orc Fighter on Dec 14, 2020.
             Was a High Priest of Trog.
             Killed from afar by a starcursed mass (17 damage)
             ... with an accursed screaming
             ... on level 3 of the Abyss.
             The game lasted 01:40:33 (28071 turns).

Clowwww the Severer (Hill Orc Fighter)             Turns: 28071, Time: 01:40:34

Health: -4/238     AC: 17    Str: 29    XL:     17   Next: 80%
Magic:  27/27      EV: 15    Int:  4    God:    Trog [*****.]
Gold:   2371       SH: 38    Dex: 12    Spells: 16/16 levels left

rFire    + . .     SeeInvis .   c - +3 war axe of Qevul {holy, Str+3}
rCold    . . .     Gourm    .   B - +10 tower shield of Ignorance {rN+ Int-4}
rNeg     + + .     Faith    .   E - +1 ring mail of the Earth {rF+ Str+2}
rPois    .         Spirit   .   (no helmet)
rElec    .         Reflect  +   F - scarf {repulsion}
rCorr    .         Harm     .   (no gloves)
MR       +++..                  t - +2 pair of boots
Stlth    ..........             w - amulet of reflection
HPRegen  1.49/turn              k - ring of positive energy
MPRegen  0.20/turn              y - ring of magical power

@: berserking (expiring), regenerating, slowed, repel missiles
A: icy blue scales 1, molten scales 1, yellow scales 1, agile 1, deterioration
1, weak 1, wild magic 1
a: Berserk, Trog's Hand, Brothers in Arms, Renounce Religion


You were on level 3 of the Abyss.
You worshipped Trog.
Trog was extremely pleased with you.
You were near starving.

You visited 6 branches of the dungeon, and saw 27 of its levels.
You visited the Abyss 2 times.
You also visited: Bailey.

You collected 2371 gold pieces.

Inventory:

Hand Weapons
 c - the +3 war axe of Qevul (weapon) {holy, Str+3}
   (You found it on level 11 of the Dungeon)

   It has been blessed by the Shining One to cause great damage to the undead
   and demons.
   It affects your strength (+3).
Missiles
 R - 27 boomerangs (quivered)
Armour
 t - a +2 pair of boots (worn)
 B - the +10 tower shield of Ignorance (worn) {rN+ Int-4}
   (You found it on level 7 of the Dungeon)

   It affects your intelligence (-4).
   It protects you from negative energy.
 E - the +1 ring mail of the Earth (worn) {rF+ Str+2}
   (You found it on level 9 of the Dungeon)

   It affects your strength (+2).
   It protects you from fire.
 F - a scarf of repulsion (worn)
Jewellery
 k - a ring of positive energy (left hand)
 w - an amulet of reflection (around neck)
 y - a ring of magical power (right hand)
 Q - an uncursed ring of poison resistance
 S - an uncursed ring of flight
Wands
 a - a wand of enslavement (23)
 h - a wand of polymorph (12)
 n - a wand of iceblast (17)
 o - a wand of random effects (36)
 p - a wand of clouds (1)
 A - a wand of digging (8)
 L - a wand of disintegration (19)
 M - a wand of paralysis (34)
Scrolls
 e - 15 scrolls of remove curse
 g - 4 scrolls of immolation
 j - 25 scrolls of teleportation
 s - 2 scrolls of magic mapping
 v - a scroll of brand weapon
 z - 2 scrolls of fog
 D - 6 scrolls of enchant weapon
 I - 5 scrolls of identify
 J - 2 scrolls of fear
 K - 3 scrolls of holy word
 P - 5 scrolls of enchant armour
Potions
 b - 2 potions of stabbing
 d - 5 potions of curing
 i - 4 potions of magic
 l - 4 potions of flight
 q - 3 potions of cancellation
 u - a potion of haste
 x - 6 potions of heal wounds
 G - 5 potions of might
 O - 2 potions of berserk rage
Comestibles
 f - 33 rations


   Skills:
 + Level 16.4 Fighting
 + Level 20.4 Axes
 + Level 0.7 Throwing
 + Level 9.2 Armour
 + Level 8.8 Dodging
 + Level 3.6 Stealth
 + Level 19.2 Shields
 + Level 1.5 Evocations


You had 16 spell levels left.
You didn't know any spells.
Your spell library contained the following spells:

 Spells                   Type           Power        Failure   Level  Hunger
 Corona                   Hex            #......      90%         1    ##.....
 Ensorcelled Hibernation  Hex/Ice        #.....       96%         2    ###....
 Confusing Touch          Hex            #.......     99%         3    ####...
 Dazzling Flash           Conj/Hex       #.....       99%         3    ####...
 Tukima's Dance           Hex            #.......     99%         3    ####...


Dungeon Overview and Level Annotations

Branches:
Dungeon (15/15)            Temple (1/1) D:6            Lair (6/6) D:9
 Shoals (1/4) Lair:3        Slime (0/5) Lair:6          Orc (2/2) D:10
    Elf (2/3) Orc:2        Vaults (0/5) D:13         Depths (0/5) D:15
 Bailey (visited)
  Snake: Lair:2-4    Spider: Lair:2-4

Altars:
Ashenzari
Cheibriados
Dithmenos
Elyvilon
Fedhas
Gozag
Hepliaklqana
Kikubaaqudgha
Makhleb
Nemelex Xobeh
Okawaru
Qazlal
Ru
Sif Muna
Trog
Uskayaw
Vehumet
Wu Jian
Xom
Yredelemnul
Zin
The Shining One
Beogh

Shops:
D:7 *   Orc:2 :*(%

Portals:
Pandemonium: Orc:2

Annotations:
D:7 1 runed translucent door, exclusion: 4 orange crystal statues


Innate Abilities, Weirdness & Mutations

You are partially covered in icy blue scales. (AC +2)
You are partially covered in molten scales. (AC +2)
You are partially covered in yellow scales. (AC +2)
You are agile. (Dex +2)
Your body sometimes deteriorates upon taking damage.
You are weak. (Str -2)
Your spells are a little harder to cast, but a little more powerful.


Message History

Your troll bites the merfolk impaler but does no damage.
Your troll misses the merfolk impaler. x2
You block the merfolk impaler's attack. The starcursed mass misses your troll.
You slice the merfolk impaler!!
You kill the merfolk impaler!
Trog accepts your kill.
You feel your intelligence returning.
Your troll bites the orange demon!
The orange demon dies!
Trog accepts your kill.
Your troll bites the starcursed mass.
The starcursed mass shudders and is absorbed by its neighbour.
A starcursed mass splits.
A deafening chorus of shrieks assaults your mind!
* * * LOW HITPOINT WARNING * * *
Your troll bites the starcursed mass!
The starcursed mass shudders and is absorbed by its neighbour.
A starcursed mass splits.
A deafening chorus of shrieks assaults your mind!
You die...

#######
#.##).##
###.#..@..# #
.#..##..T# #
#..... #.TX# .
#..#E####.XX#
.## #.
###....XXX....
#≈ #..X#.÷##.
# ##.....(....
# .
...#.#....####
# ####...#.#


You could see 7 starcursed masses and 2 friendly trolls.

Vanquished Creatures
  Rupert (D:13)
  Gastronok (Lair:2)
  Donald (Shoals:1)
  A deep elf sorcerer (Elf:1)
  A deep elf elementalist (Elf:2)
  A merfolk impaler (Abyss:3)
  Snorg (D:13)
  Josephine (D:13)
  Harold (D:8)
  2 vault guards (D:13)
  4 hydras
  8 two-headed ogres
  Erica (D:11)
  2 ogre magi (D:15)
  6 centaur warriors
  3 catoblepae
  23 dancing weapons
  7 death yaks (D:9)
  An orc high priest (Orc:2)
  5 thrashing horrors (Abyss:3)
  Urug (D:10)
  Sonja (D:13)
  A sixfirhy (Orc:2)
  3 skeletal warriors (D:13)
  A sea snake (Shoals:1)
  19 deep elf knights
  A wizard (D:13)
  A gelid demonspawn (Orc:2)
  A large abomination (Abyss:3)
  A lindwurm (Lair:5)
  5 deep elf archers
  2 infernal demonspawn (Orc:2)
  38 deep elf magi
  2 necromancers (D:13)
  7 ugly things
  3 orc knights
  11 orc sorcerers
  4 cyclopes
  7 manticores
  2 slime creatures (D:12)
  A moth of wrath (shapeshifter) (Elf:1)
  A merfolk siren (Shoals:1)
  2 centaur zombies
  6 elephants (Lair:6)
  A guardian serpent (Abyss:3)
  4 black mambas
  Maurice (D:13)
  A rust devil (Abyss:3)
  A smoke demon (Abyss:3)
  A naga mage (D:15)
  3 gargoyles
  28 spiny frogs
  6 kobold demonologists
  10 komodo dragons
  A yaktaur (shapeshifter) (D:15)
  2 red devils (Orc:2)
  4 rime drakes
  A tormentor (Abyss:3)
  A hydra zombie (Abyss:3)
  An ancient zyme (Abyss:3)
  3 trolls
  A queen bee (Lair:4)
  A polar bear (Lair:6)
  4 tyrant leeches (Lair:6)
  2 raiju (Abyss:3)
  A snapping turtle (Shoals:1)
  26 blink frogs
  10 hippogriffs
  6 dream sheep (Lair:6)
  2 meliai zombies (D:14)
  5 flying skulls (Abyss:3)
  A spriggan (D:14)
  6 wraiths
  2 air elementals (Elf:1)
  A ynoxinul (Orc:2)
  19 humans (D:13)
  3 wyverns
  4 water elementals
  A vampire (D:13)
  38 yaks
  2 basilisks
  A hungry ghost (D:8)
  A fire elemental (Elf:1)
  A small abomination (Abyss:3)
  6 vampire mosquitoes (Lair:6)
  A chaos spawn (Abyss:3)
  2 wargs (Orc:2)
  2 nagas (Abyss:3)
  13 water moccasins
  9 porcupines
  2 ice beasts
  A sky beast (D:6)
  24 orc warriors
  A necrophage (D:11)
  An eye of draining (D:13)
  8 ogres
  3 phantoms
  19 centaurs
  5 wolves (Lair:4)
  10 crocodiles
  4 earth elementals
  6 big kobolds
  26 bullfrogs
  A gnoll sergeant (D:12)
  A water moccasin zombie (D:5)
  A wyvern skeleton (D:7)
  2 scorpions
  14 wights
  4 killer bees (Lair:4)
  A howler monkey (D:4)
  An electric eel (Lair:6)
  2 bullfrog zombies (D:11)
  9 crimson imps
  A quasit (D:10)
  25 orc priests
  A bullfrog skeleton (D:13)
  3 jellies
  5 hounds
  3 centaur skeletons
  An iron imp (Abyss:3)
  22 orc wizards
  7 iguanas
  12 worker ants
  2 hound skeletons
  3 gnolls (D:12)
  2 howler monkey skeletons
  13 adders
  8 shadow imps
  An adder zombie (D:6)
  An ooze (D:7)
  An adder skeleton (D:9)
  2 worms
  A dart slug (D:1)
  8 leopard geckos
  85 orcs
  2 ball pythons
  2 giant cockroaches
  10 goblins
  7 hobgoblins
  2 jackals (D:1)
  17 kobolds
  3 quokkas
  8 bats
  6 frilled lizards
  A leopard gecko zombie (D:6)
  3 rats
  A fungus (Lair:4)
  5 plants
852 creatures vanquished.

Vanquished Creatures (collateral kills)
  A tentacled starspawn (Abyss:3)
  A cacodemon (Abyss:3)
  A deep elf elementalist (Abyss:3)
  The ghost of Hiywul the Fighter, a journeyman MiHu of Trog (Lair:4)
  A blizzard demon (Abyss:3)
  A naga warrior (Abyss:3)
  An orc high priest (Orc:2)
  2 orc knights (Orc:2)
  An orc sorcerer (Orc:2)
  A naga mage (Abyss:3)
  An orange demon (Abyss:3)
  A smoke demon (Abyss:3)
  A red devil (Orc:2)
  A hornet (Lair:4)
  A raiju (Abyss:3)
  A naga (Abyss:3)
  3 orc warriors (Orc:2)
  A small abomination (Abyss:3)
  2 killer bees (Lair:4)
  2 orc priests (Orc:2)
  An iron imp (Abyss:3)
26 creatures vanquished.

Vanquished Creatures (others)
  Nessos (D:14)
  A manticore (D:11)
  An orc priest (D:4)
  5 fungi (Lair:6)
  14 plants
  5 starspawn tentacles (Abyss:3)
  14 toadstools (Lair:5)
41 creatures vanquished.

Grand Total: 919 creatures vanquished

Notes
Turn   | Place    | Note
-------+----------+-------------------------------------------
     0 | D:1      | Clowwww the Hill Orc Fighter began the quest for the Orb.
     0 | D:1      | Reached XP level 1. HP: 19/19 MP: 1/1
   405 | D:1      | Reached XP level 2. HP: 25/27 MP: 2/2
   801 | D:1      | Reached skill level 3 in Axes
  1012 | D:2      | Reached XP level 3. HP: 33/33 MP: 3/3
  1257 | D:2      | Reached skill level 4 in Axes
  1257 | D:2      | Reached XP level 4. HP: 11/40 MP: 4/4
  1260 | D:2      | HP: 2/40 [poisoned by an orc]
  1265 | D:2      | Gained mutation: Your mind is acute. (Int +2) [potion of
                  | mutation]
  1265 | D:2      | Gained mutation: You are frail. (-10% HP) [potion of
                  | mutation]
  1265 | D:2      | Gained mutation: You are partially covered in yellow
                  | scales. (AC +2) [potion of mutation]
  1268 | D:2      | Lost mutation: Your mind is acute. (Int +2) [potion of
                  | mutation]
  1268 | D:2      | Lost mutation: You are frail. (-10% HP) [potion of
                  | mutation]
  1268 | D:2      | Gained mutation: Your spells are a little easier to cast,
                  | but a little less powerful. [potion of mutation]
  1268 | D:2      | Gained mutation: You have large cloven feet. [potion of
                  | mutation]
  1269 | D:2      | Lost mutation: Your spells are a little easier to cast, but
                  | a little less powerful. [potion of mutation]
  1269 | D:2      | Lost mutation: You have large cloven feet. [potion of
                  | mutation]
  1269 | D:2      | Gained mutation: You are partially covered in molten
                  | scales. (AC +2) [potion of mutation]
  1269 | D:2      | Gained mutation: Your spells are a little harder to cast,
                  | but a little more powerful. [potion of mutation]
  1269 | D:2      | Gained mutation: You are agile. (Dex +2) [potion of
                  | mutation]
  1269 | D:2      | Gained mutation: You are partially covered in icy blue
                  | scales. (AC +2) [potion of mutation]
  2052 | D:3      | Reached XP level 5. HP: 45/46 MP: 5/5
  2098 | D:3      | Found an opulent altar of Gozag.
  2673 | D:4      | Reached skill level 5 in Axes
  2673 | D:4      | Reached skill level 1 in Dodging
  2674 | D:4      | Reached XP level 6. HP: 17/52 MP: 6/6
  3052 | D:4      | Reached skill level 6 in Axes
  3163 | D:4      | Found a blossoming altar of Fedhas.
  3178 | D:4      | Reached XP level 7. HP: 32/60 MP: 7/7
  3375 | D:4      | Reached skill level 1 in Stealth
  3618 | D:4      | Reached skill level 7 in Axes
  3641 | D:4      | Reached skill level 5 in Shields
  3841 | D:5      | Entered Level 5 of the Dungeon
  4079 | D:5      | Reached skill level 5 in Fighting
  4294 | D:5      | Reached skill level 8 in Axes
  4393 | D:5      | Reached XP level 8. HP: 68/68 MP: 8/8
  4569 | D:5      | Found a burning altar of Makhleb.
  4714 | D:6      | Found a glowing golden altar of the Shining One.
  4883 | D:6      | Found a staircase to the Ecumenical Temple.
  4892 | Temple   | Entered the Ecumenical Temple
  5378 | D:6      | Reached skill level 9 in Axes
  5487 | D:6      | Found an iron altar of Okawaru.
  5826 | D:6      | Noticed a hippogriff
  5841 | D:6      | Killed a hippogriff
  5841 | D:6      | Reached skill level 10 in Axes
  5841 | D:6      | Reached XP level 9. HP: 73/75 MP: 9/9
  6040 | D:7      | Found Zin's Purification Station.
  6049 | D:7      | Found a glowing silver altar of Zin.
  6051 | D:7      | Noticed a cyclops
  6063 | D:7      | Killed a cyclops
  6063 | D:7      | Reached skill level 5 in Armour
  6066 | D:7      | Reached skill level 11 in Axes
  6311 | D:7      | Found a runed translucent door.
  6411 | D:7      | Found the +10 tower shield of Ignorance {rN+ Int-4}
  6445 | D:7      | Found a runed translucent door.
  6763 | D:7      | Found a shadowy altar of Dithmenos.
  6768 | D:7      | Found a bloodstained altar of Trog.
  6775 | D:7      | Became a worshipper of Trog the Wrathful
  6863 | D:8      | Found a sparkling altar of Nemelex Xobeh.
  7123 | D:8      | Found an ancient bone altar of Kikubaaqudgha.
  7134 | D:8      | Found a hide-covered altar of Uskayaw.
  7137 | D:8      | Found a radiant altar of Vehumet.
  7261 | D:8      | Reached skill level 12 in Axes
  7261 | D:8      | Reached XP level 10. HP: 84/86 MP: 10/10
  7301 | D:8      | Found a hazy altar of Hepliaklqana.
  7358 | D:8      | Noticed Harold
  7390 | D:8      | Killed Harold
  7622 | D:8      | Found an ornate altar of the Wu Jian Council.
  7662 | D:7      | Noticed an orange crystal statue
  7794 | D:9      | Found a flagged portal.
  7813 | Bailey   | Entered a bailey
  7921 | Bailey   | Reached * piety under Trog
  8122 | Bailey   | Got a pair of spiked boots
  8303 | Bailey   | Noticed an orc knight
  8320 | Bailey   | Killed an orc knight
  8376 | Bailey   | Identified the cursed -4 pair of boots "Kymal" {rC+} (You
                  | found it in a bailey)
  8508 | D:9      | Reached skill level 13 in Axes
  8574 | D:9      | Noticed a death yak
  8577 | D:9      | Found a staircase to the Lair.
  8577 | D:9      | Noticed a death yak
  8577 | D:9      | Noticed a death yak
  8577 | D:9      | Noticed a death yak
  8578 | D:9      | Noticed a death yak
  8578 | D:9      | Noticed a death yak
  8579 | D:9      | Noticed a death yak
  8589 | D:9      | Killed a death yak
  8600 | D:9      | Killed a death yak
  8601 | D:9      | Killed a death yak
  8601 | D:9      | Reached skill level 14 in Axes
  8601 | D:9      | Reached XP level 11. HP: 64/95 MP: 11/11
  8601 | D:9      | Killed a death yak
  8602 | D:9      | Killed a death yak
  8611 | D:9      | Killed a death yak
  8612 | D:9      | Killed a death yak
  8612 | D:9      | Reached skill level 15 in Axes
  8909 | D:9      | Got a smelly ring mail
  8910 | D:9      | Identified the +1 ring mail of the Earth {rF+ Str+2} (You
                  | found it on level 9 of the Dungeon)
  9192 | D:9      | Reached ** piety under Trog
  9440 | D:7      | Noticed an orange crystal statue
  9440 | D:7      | Noticed an orange crystal statue
  9440 | D:7      | Noticed an orange crystal statue
  9772 | D:10     | Entered Level 10 of the Dungeon
  9810 | D:10     | Found a staircase to the Orcish Mines.
  9842 | D:10     | Noticed Urug
  9857 | D:10     | Killed Urug
  9857 | D:10     | Reached skill level 10 in Shields
 10472 | D:11     | Got a translucent war axe
 10474 | D:11     | Identified the +3 war axe of Qevul {holy, Str+3} (You found
                  | it on level 11 of the Dungeon)
 10550 | D:11     | Reached *** piety under Trog
 10577 | D:11     | Noticed a manticore
 10585 | D:11     | Killed a manticore
 10585 | D:11     | Reached XP level 12. HP: 101/106 MP: 12/12
 10760 | D:11     | Noticed a two-headed ogre
 10770 | D:11     | Killed a two-headed ogre
 10770 | D:11     | Reached skill level 10 in Fighting
 10770 | D:11     | Reached skill level 16 in Axes
 11080 | D:11     | Noticed Erica
 11095 | D:11     | Killed Erica
 11722 | D:12     | Noticed a soul eater
 11992 | D:12     | Noticed a sun demon
 12003 | D:12     | Reached **** piety under Trog
 12551 | D:13     | Reached skill level 5 in Dodging
 12599 | D:13     | Noticed Sonja
 12612 | D:13     | Killed Sonja
 12618 | D:13     | Noticed Maurice
 12620 | D:13     | Noticed a centaur warrior
 12628 | D:13     | Killed a centaur warrior
 12638 | D:13     | Killed Maurice
 13080 | D:13     | Reached XP level 13. HP: 94/116 MP: 13/13
 13175 | D:13     | Noticed Snorg
 13199 | D:13     | Killed Snorg
 13199 | D:13     | Reached skill level 17 in Axes
 13304 | D:13     | Reached ***** piety under Trog
 13340 | D:13     | Found a gate to the Vaults.
 13340 | D:13     | Noticed a vault guard
 13340 | D:13     | Noticed a vault guard
 13353 | D:13     | Killed a vault guard
 13356 | D:13     | Killed a vault guard
 13596 | D:13     | Noticed Rupert
 13611 | D:13     | Killed Rupert
 14017 | D:13     | Noticed Josephine
 14033 | D:13     | Killed Josephine
 14377 | D:14     | Noticed Nessos
 14384 | D:14     | Killed Nessos
 14384 | D:14     | Reached XP level 14. HP: 106/127 MP: 14/14
 15041 | D:14     | Reached skill level 1 in Evocations
 15257 | D:15     | Entered Level 15 of the Dungeon
 15450 | D:15     | Received a gift from Trog
 15466 | D:15     | Reached skill level 18 in Axes
 15939 | D:15     | Reached skill level 15 in Shields
 15944 | D:15     | Found a staircase to the Depths.
 16194 | Lair:1   | Entered Level 1 of the Lair of Beasts
 16979 | Lair:2   | Reached XP level 15. HP: 137/137 MP: 16/16
 17092 | Lair:2   | Noticed Gastronok
 17108 | Lair:2   | Killed Gastronok
 17391 | Lair:2   | You fall into a shaft and drop 1 floor!
 17426 | Lair:3   | Received a gift from Trog
 17886 | Lair:3   | Found a gate leading to a gauntlet.
 17989 | Lair:3   | Found a staircase to the Shoals.
 18500 | Lair:4   | Found a transporter.
 18503 | Lair:4   | Found a transporter.
 18507 | Lair:4   | Noticed Hiywul's ghost (journeyman MiHu)
 18642 | Lair:4   | Reached ****** piety under Trog
 19229 | Lair:4   | Paralysed by a hornet for 3 turns
 19244 | Lair:4   | Killed Hiywul's ghost
 20052 | Lair:5   | Found a runed translucent door.
 20286 | Lair:5   | Got a thick robe
 20287 | Lair:5   | Identified the +0 robe of Distant Worlds {rF- Int+6 Dex+6}
                  | (You found it on level 5 of the Lair of Beasts)
 20422 | Lair:6   | Entered Level 6 of the Lair of Beasts
 20720 | Lair:6   | Received a gift from Trog
 20739 | Lair:6   | Reached skill level 19 in Axes
 20893 | Lair:6   | Reached XP level 16. HP: 64/147 MP: 17/17
 21338 | Lair:6   | Found a white marble altar of Elyvilon.
 21883 | Lair:6   | Found a staircase to the Slime Pits.
 22116 | Shoals:1 | Entered Level 1 of the Shoals
 22116 | Shoals:1 | Noticed Donald
 22137 | Shoals:1 | Killed Donald
 22137 | Shoals:1 | Reached skill level 15 in Fighting
 22468 | Orc:1    | Entered Level 1 of the Orcish Mines
 22537 | Orc:1    | Found a roughly hewn altar of Beogh.
 22743 | Orc:2    | Entered Level 2 of the Orcish Mines
 22878 | Orc:2    | Received a gift from Trog
 22928 | Orc:2    | Found Fur Mym's General Store.
 22938 | Orc:2    | Found Koang's Food Emporium.
 23087 | Orc:2    | Paralysed by an orc sorcerer for 4 turns
 23165 | Orc:2    | Found a staircase to the Elven Halls.
 23339 | Orc:2    | Gained mutation: You are weak. (Str -2) [a neqoxec]
 23349 | Orc:2    | Gained mutation: Your body sometimes deteriorates upon
                  | taking damage. [a neqoxec]
 23733 | Orc:2    | Found Toaledd's Book Shop.
 23733 | Orc:2    | Found Sumpur's Antique Weapon Boutique.
 23751 | Orc:2    | Found a one-way gate leading to the halls of Pandemonium.
 23844 | Elf:1    | Entered Level 1 of the Elven Halls
 23848 | Elf:1    | Received a gift from Trog
 24032 | Elf:1    | Cast into level 3 of the Abyss (a deep elf sorcerer)
 24032 | Abyss:3  | Found a corrupted altar of Lugonu.
 24218 | Abyss:3  | Noticed a tentacled starspawn
 24258 | Elf:1    | Escaped the Abyss
 24591 | Elf:1    | Reached XP level 17. HP: 122/157 MP: 18/18
 25222 | Elf:1    | Received a gift from Trog
 25513 | Elf:1    | Reached skill level 20 in Axes
 26774 | Elf:2    | Found a huge runed translucent gate.
 26774 | Elf:2    | Found a huge runed translucent gate.
 26775 | Elf:2    | Found a huge runed translucent gate.
 26776 | Elf:2    | Found a huge runed translucent gate.
 26833 | Elf:2    | Found a huge runed translucent gate.
 27841 | Elf:2    | Received a gift from Trog
 27868 | Elf:2    | Cast into level 3 of the Abyss (+4 halberd of distortion)
 28038 | Abyss:3  | Noticed a tentacled starspawn
 28065 | Abyss:3  | Killed a tentacled starspawn
 28070 | Abyss:3  | HP: 11/238 [starcursed mass/accursed screaming (16)]
 28071 | Abyss:3  | Killed from afar by a starcursed mass

Illustrated notes

Levels and vault maps discovered:
D:1:      dpeg_arrival_brainrot, layout_rooms
D:2:      layout_basic, minmay_misc_feat_tiny
D:3:      layout_loops_cross, first_ration,
          nicolae_gozag_cash_rules_everything_around_me
D:4:      layout_loops_corners, lemuel_doored_altar, minivault_14
D:5:      layout_gridville, makhleb_grotto_becter
D:6:      layout_loops_corners, kennysheep_okawaru_gauntlet,
          minmay_temple_entry_mini_moons, minmay_ruined_shrine
D:7:      minmay_chambers_of_sixes, layout_rooms, zin_purify, minitemple,
          nrook_mini_vaults, chequers_guarded_unrand_ignorance
D:8:      layout_basic, lemuel_crystal_altar, lemuel_crystal_altar,
          marbit_many_paths, grunt_temple_overflow_diamond, uniq_harold
D:9:      layout_loops_ring, dpeg_lair_monsters, enter_bailey_3
D:10:     layout_cave_pools, orc_0_dummy, uniq_urug
D:11:     layout_stronghold, uniq_erica
D:12:     layout_basic
D:13:     layout_roguey, grunt_vaults_entry_tiered, uniq_sonja, uniq_rupert,
          uniq_snorg, uniq_josephine, uniq_maurice
D:14:     layout_loops_ring, dk_noncrumbling_2, grunt_pizzeria, uniq_nessos
D:15:     grunt_enter_depths_magical_seal, layout_rooms, hex_tiny
Temple:   nicolae_temple_figure_zero
Lair:1:   layout_hall_layers
Lair:2:   layout_gridlike, minmay_snake_entry_guardpost_small, uniq_gastronok
Lair:3:   layout_loops_ring, minmay_shoals_entry_centaurs,
          gauntlet_entry_generic
Lair:4:   layout_small_grid, gammafunk_ghost_hive, grunt_megastairs_4
Lair:5:   gammafunk_lair_enchanted_lake, layout_hall_layers,
          infiniplex_staircase_pool
Lair:6:   minmay_lair_end_frog_pond, layout_regular_city,
          dpeg_slime_entry_corner, basic_altar
Shoals:1: layout_shoals, serial_shops, shop, nicolae_shoals_loop_pool,
          uniq_donald
Orc:1:    layout_caves, serial_shops, shop, mines2_david, uniq_jorgrun
Orc:2:    pf_orc_diabolical, layout_caves, nicolae_orc_rockfall
Elf:1:    minmay_elf_arrival_circle, layout_geoelf_octagon, minivault_28,
          st_stairs_12
Elf:2:    layout_geoelf_octagon
Abyss:3:  base: D:4, base: D:4, serial_sigils_hangedman_snap,
          evilmike_nicolae_abyss_rune_betentacled_crabyss,
          hangedman_decor_lopped, evilmike_abyss_rune_ettins, base: Depths:2,
          base: Depths:2, dshaligram_kb_abyss_rune_zappy_water_cross

Skill      XL: |  1  2  3  4  5  6  7  8  9 10 11 12 13 14 15 16 17 |
---------------+----------------------------------------------------+-----
Fighting       | 4 5 7 8 9 11 12 13 14 15 16 | 16.4
Axes           | 3 4 5 6 8 10 12 14 15 16 17 18 19 20 | 20.4
Shields        | 4 5 7 8 9 10 12 13 15 16 18 19 | 19.2
Armour         | 4 5 6 7 8 9 |  9.2
Dodging        | 1 2 3 5 6 7 8 |  8.8
Stealth        | 1 2 3 |  3.6
Evocations     | 1 |  1.5
Throwing       | |  0.7

Action                   |  1- 3 |  4- 6 |  7- 9 | 10-12 | 13-15 | 16-18 || total
-------------------------+-------+-------+-------+-------+-------+-------++-------
Melee: War axe           |    96 |   121 |   324 |   595 |   974 |   940 ||  3050
Throw: Boomerang         |       |       |       |       |    10 |     2 ||    12
Invok: Berserk           |       |       |       |     3 |     3 |     5 ||    11
       Trog's Hand       |       |       |       |     1 |       |     5 ||     6
       Brothers in Arms  |       |       |       |       |     1 |     5 ||     6
Evoke: Wand              |       |       |       |     1 |    13 |       ||    14
  Use: Potion            |     1 |     6 |     2 |     1 |       |     4 ||    14
       Scroll            |       |    15 |     6 |     9 |     8 |     4 ||    42
 Stab: Invisible         |       |     3 |       |       |       |       ||     3
       Confused          |       |       |       |       |     1 |       ||     1
       Sleeping          |       |       |       |       |     1 |       ||     1
       Distracted        |       |       |       |       |       |     3 ||     3
  Eat: Chunk             |     1 |     6 |    15 |    16 |    22 |    23 ||    83
       Ration            |       |       |       |     2 |     2 |     2 ||     6
Armor: Scale mail        |    56 |    17 |       |       |       |       ||    73
       Ring mail         |       |    44 |    85 |    94 |   102 |    75 ||   400
       Crystal plate arm |       |       |       |    28 |       |       ||    28
Dodge: Dodged            |    43 |    36 |    73 |    77 |   125 |    96 ||   450
       Repelled          |       |       |       |       |       |    11 ||    11
Block: Kite shield       |    56 |    67 |   235 |   220 |       |       ||   578
       Reflection        |       |       |       |    50 |    54 |    57 ||   161
       Tower shield      |       |       |       |   371 |  1225 |   990 ||  2586
